 Dungeon Crawl Stone Soup version 0.27.1-34-g3ba077fa99 (console) character file.

Game seed: 4023963760880088273

262 Banquo the Shield-Bearer (level 6, -3/48 HPs)
             Began as a Formicid Fighter on Feb 11, 2022.
             Was a Believer of Elyvilon.
             Splashed by a jelly's acid (9 damage)
             ... on level 3 of the Dungeon.
             The game lasted 00:14:18 (3011 turns).

Banquo the Shield-Bearer (Formicid Fighter)         Turns: 3011, Time: 00:14:18

Health: -3/48      AC:  6    Str: 22    XL:     6   Next: 42%
Magic:  7/7        EV:  6    Int:  8    God:    Elyvilon [**....]
Gold:   20         SH:  9    Dex: 10    Spells: 5/5 levels left

rFire    . . .     SeeInvis +   a - +0 war axe
rCold    . . .     Faith    .   i - +0 kite shield
rNeg     . . .     Spirit   .   d - +0 chain mail
rPois    .         Reflect  .   (helmet unavailable)
rElec    .         Harm     .   (no cloak)
rCorr    .         Rampage  .   (no gloves)
Will     .....                  f - +0 pair of boots
Stlth    ..........             (no amulet)
HPRegen  0.16/turn              (no ring)
MPRegen  0.10/turn              (no ring)

@: corroded
A: permanent stasis, dig shafts and tunnels, antennae 3, four strong arms
a: Dig, Shaft Self, Renounce Religion, Lesser Healing, Heal Other, Divine
Protection


You were on level 3 of the Dungeon.
You worshipped Elyvilon.
Elyvilon was pleased with you.
You visited 1 branch of the dungeon, and saw 4 of its levels.

You collected 86 gold pieces.
You spent 66 gold pieces at shops.

Inventory:

Hand Weapons
 a - a +0 war axe (weapon)
 m - a +0 trident
 s - a +0 hunting sling of freezing
Missiles
 g - 9 boomerangs
 k - 82 stones
Armour
 d - a +0 chain mail (worn)
 f - a +0 pair of boots (worn)
 i - a +0 kite shield (worn)
 j - a +0 scale mail
Scrolls
 c - 2 scrolls of blinking {unknown}
 h - a scroll of enchant weapon {unknown}
 o - a scroll of immolation {unknown}
 q - a scroll of teleportation {unknown}
 r - a scroll of summoning {unknown}
Potions
 b - a potion of might
 e - a potion of magic {unknown}
 l - 2 potions of brilliance
 n - 2 potions of curing
 p - a potion of lignification


   Skills:
 + Level 4.0 Fighting
 * Level 4.3 Axes
 + Level 4.2 Armour
 + Level 0.4 Dodging
 + Level 4.5 Shields
 * Level 2.0 Invocations


You had 5 spell levels left.
You didn't know any spells.
Your spell library contained the following spells:

 Spells                   Type           Power      Damage    Failure   Level
 Corona                   Hex            0%         N/A       100%        1
 Sandblast                Erth           0%         2d4       100%        1
 Passwall                 Tmut/Erth      0%         N/A       100%        2
 Portal Projectile        Hex/Tloc       0%         N/A       100%        3
 Blade Hands              Tmut           0%         N/A       100%        5
 Excruciating Wounds      Necr           0%         N/A       100%        5
 Lee's Rapid Deconstruct  Erth           0%         3d5*      100%        5


Dungeon Overview and Level Annotations

Branches:
Dungeon (4/15)
 Temple: D:4-7

Altars:
Elyvilon

Shops:
D:2 ?===   D:3 *


Innate Abilities, Weirdness & Mutations

You cannot be hasted, slowed, berserked, paralysed or teleported.
You can dig through walls and to a lower floor.
You have a pair of large antennae on your head. (SInv)
Your four strong arms can wield two-handed weapons with a shield.


Message History

The endoplasm hits you but does no damage.
You hit the endoplasm.
The endoplasm is heavily wounded.
You block the endoplasm's attack.
You hit the endoplasm.
You kill the endoplasm!
No target in view!
You open the door.
There is an open door here.
You sense a monster nearby.
You sense a monster nearby.
A jelly comes into view.
The jelly quivers.
Found Natuill's General Store.
You completely miss the jelly. The jelly hits you. The acid corrodes you!
You are splashed with acid!
You slash the jelly!
Your hands burn!
The jelly is moderately wounded.
The jelly hits you but does no damage. The jelly hits you.
You are splashed with acid!
You hit the jelly.
Your hands burn!
The jelly is heavily wounded.
You block the jelly's attack.
You are too injured to fight recklessly!
You are too injured to fight recklessly!
You hit the jelly but do no damage.
Your hands burn!
The jelly is heavily wounded.
The jelly barely misses you. The jelly hits you but does no damage.
You hit the jelly.
Your hands burn!
The jelly is heavily wounded.
The jelly hits you.
You are splashed with acid!
* * * LOW HITPOINT WARNING * * *
You hit the jelly.
Your hands burn!
* * * LOW HITPOINT WARNING * * *
The jelly is heavily wounded.
The jelly hits you but does no damage. The jelly hits you.
* * * LOW HITPOINT WARNING * * *
You are splashed with acid!
You die...

... .....#.# #.. ......#
#.∩.#...#.# #.........####
{#........ #.####### #.# #J#
#@# #.# ######## #.# ........##
#.# ####### #.....#..## #.#
#.....# #.....#...##
##.########.###.#
#..........####.............#.#
......#............######.#.#.#
#.....#..######...## #.....#


You could see a jelly.

Vanquished Creatures
  A black bear (D:4)
  Jessica (D:2)
  An orc wizard (D:3)
  Robin (D:2)
  2 adders (D:2)
  4 worms
  3 dart slugs
  2 orcs (D:3)
  4 bats
  9 endoplasms
  2 giant cockroaches (D:1)
  10 hobgoblins
  3 jackals
  A quokka (D:1)
  2 ball pythons
  5 frilled lizards
  9 goblins
  4 kobolds
  4 rats
68 creatures vanquished.

Vanquished Creatures (others)
  9 fungi (D:3)
  5 plants
14 creatures vanquished.

Grand Total: 82 creatures vanquished

Notes
Turn   | Place    | Note
-------+----------+-------------------------------------------
     0 | D:1      | Banquo the Formicid Fighter began the quest for the Orb.
     0 | D:1      | Reached XP level 1. HP: 18/18 MP: 1/1
   115 | D:1      | Reached XP level 2. HP: 21/24 MP: 2/2
   534 | D:1      | Reached XP level 3. HP: 24/29 MP: 3/3
   665 | D:1      | Found a faded altar of an unknown god.
   675 | D:1      | Got Plato's Almanac of Beguiling
   676 | D:1      | Became a worshipper of Elyvilon the Healer
   676 | D:1      | Reached * piety under Elyvilon
  1064 | D:2      | Noticed Jessica
  1078 | D:2      | You fall into a shaft and drop 1 floor!
  1305 | D:3      | Reached XP level 4. HP: 14/35 MP: 4/4
  1627 | D:2      | Killed Jessica
  1628 | D:2      | Reached skill level 1 in Invocations
  1628 | D:2      | Reached XP level 5. HP: 38/41 MP: 5/5
  1677 | D:2      | Found Nefa's Jewellery Boutique.
  1704 | D:2      | Found Iliosael's Jewellery Shop.
  1767 | D:2      | Found Uhahoq's Magic Scroll Boutique.
  1771 | D:2      | Bought a scroll of identify for 22 gold pieces
  1771 | D:2      | Bought a scroll of identify for 22 gold pieces
  1991 | D:2      | Reached ** piety under Elyvilon
  2060 | D:2      | You fall into a shaft and drop 2 floors!
  2060 | D:4      | Noticed a black bear
  2104 | D:4      | Killed a black bear
  2105 | D:4      | Reached XP level 6. HP: 39/48 MP: 2/7
  2526 | D:2      | Noticed Robin
  2566 | D:2      | Killed Robin
  2603 | D:2      | Found Jyomaiwk's Jewellery Boutique.
  2812 | D:2      | Bought a scroll of identify for 22 gold pieces
  3001 | D:3      | Found Natuill's General Store.
  3011 | D:3      | Splashed by a jelly's acid

Illustrated notes

Levels and vault maps discovered:
D:1:      ncdulo_watergridlock, layout_basic,
          shapermc_ecumenical_altar_rom_forum, palyth_stone_intersect,
          chequers_serial_rivers_room_b, hangedman_decor_clover_reticule,
          st_stairs_11, minmay_fountain_box
D:2:      layout_loops_cross, serial_shops, shop_statue, shop, shop,
          nicolae_shop_behind_doors, uniq_robin, uniq_jessica
D:3:      layout_loops_corners, fedhas_altar_3, serial_shops, nicolae_shop_stone
D:4:      layout_gridville, chequers_mini_garden

Skill      XL: |  1  2  3  4  5  6 |
---------------+-------------------+-----
Shields        | 4 |  4.5
Armour         | 4 |  4.2
Axes           | 3 4 |  4.3
Invocations    | 1 2 |  2.0
Fighting       | 4 |  4.0
Dodging        | |  0.4

Action                   |  1- 3 |  4- 6 || total
-------------------------+-------+-------++-------
Melee: War axe           |    59 |   190 ||   249
Invok: Lesser Healing    |     1 |       ||     1
       Heal Other        |       |     2 ||     2
 Abil: Dig               |     2 |     9 ||    11
       Shaft Self        |     1 |       ||     1
  Use: Scroll            |     6 |     3 ||     9
Armor: Scale mail        |    24 |    47 ||    71
       Chain mail        |       |    56 ||    56
Dodge: Dodged            |    17 |    63 ||    80
Block: Kite shield       |    23 |    98 ||   121
